 Dungeon Crawl Stone Soup version 0.21.1-1-g345015f (webtiles) character file.

50 Kagorn the Ruffian (level 3, -1/36 HPs)
             Began as a Troll Berserker on July 5, 2018.
             Was a Believer of Trog.
             Slain by a bullfrog (3 damage)
             ... on level 2 of the Dungeon.
             The game lasted 00:06:07 (1185 turns).

Kagorn the Ruffian (Troll Berserker)                Turns: 1185, Time: 00:06:08

Health: -1/36      AC:  5    Str: 25    XL:     3   Next: 55%
Magic:  2/2        EV: 10    Int:  3    God:    Trog [**....]
Gold:   49         SH:  0    Dex: 10    Spells: 2/2 levels left

rFire    . . .     SeeInvis .     - Unarmed
rCold    . . .     Gourm    +   (no shield)
rNeg     . . .     Faith    .   a - +0 animal skin
rPois    .         Spirit   .   (helmet restricted)
rElec    .         Reflect  .   (no cloak)
rCorr    .         Harm     .   (gloves unavailable)
MR       .....                  (boots unavailable)
Stlth    +.........             (no amulet)
HPRegen  0.52/turn              (no ring)
MPRegen  0.08/turn              (no ring)

@: lethally poisoned (-1 -> -1)
A: large, unfitting armour, claws 3, fast metabolism 3, gourmand, regeneration
1, shaggy fur 1, tough skin 2
a: Berserk, Trog's Hand, Burn Spellbooks, Renounce Religion


You were on level 2 of the Dungeon.
You worshipped Trog.
Trog was pleased with you.
You were completely stuffed.

You visited 1 branch of the dungeon, and saw 2 of its levels.

You collected 49 gold pieces.

Inventory:

Hand Weapons
 k - a +1 hunting sling of freezing
Missiles
 j - 10 poisoned needles
 o - 6 large rocks (quivered)
Armour
 a - a +0 animal skin (worn)
Jewellery
 h - an uncursed ring of positive energy {unknown}
 m - an uncursed amulet of guardian spirit {unknown}
Scrolls
 c - a scroll of enchant armour {unknown}
 f - a scroll of remove curse {unknown}
 g - a scroll of blinking {unknown}
 i - 2 scrolls of identify {unknown}
 l - a scroll of immolation {unknown}
 p - a scroll of magic mapping {unknown}
 q - a scroll of enchant weapon {unknown}
Potions
 d - a potion of ambrosia {unknown}
 e - a potion of invisibility {unknown}
Comestibles
 b - 3 rations
 n - 9 chunks of flesh


   Skills:
 * Level 2.9 Fighting
 + Level 0.4 Armour
 + Level 2.7 Dodging
 + Level 0.2 Stealth
 * Level 3.5 Unarmed Combat


You had 2 spell levels left.
You didn't know any spells.

Dungeon Overview and Level Annotations

Branches:
Dungeon (2/15)

Altars:


Innate Abilities, Weirdness & Mutations

You are too large for most types of armour.
You have claws for hands.
Your metabolism is lightning-fast.
You like to eat raw meat.
Your natural rate of healing is unusually fast.
You are covered in fur. (AC +1)
You have very tough skin. (AC +2)


Message History

The bullfrog completely misses you.
You claw the bullfrog!
The bullfrog is heavily wounded.
You feel sick. The bullfrog hits you.
You scratch the bullfrog.
The bullfrog is severely wounded.
The bullfrog hits you! The bullfrog hits you.
You scratch the bullfrog.
The bullfrog is severely wounded.
The bullfrog hits you.
* * * LOW HITPOINT WARNING * * *
You barely miss the bullfrog.
The bullfrog is severely wounded.
You feel sick. The bullfrog misses you.
You scratch the bullfrog.
The bullfrog is almost dead.
The bullfrog hits you!
* * * LOW HITPOINT WARNING * * *
The bullfrog hits you.
You die...

######.#########
............<..#
############.### ##
###'#### .#
#......# .#
#......# .##
+......# ..#
#......###..#.###
#........@FS.......
############....###
#...# ...# ..# .>..
...# .).#


You could see a bullfrog and an adder.

Vanquished Creatures
  An ooze (D:1)
  A dart slug (D:2)
  3 leopard geckos
  2 giant cockroaches
  4 hobgoblins
  7 jackals
  7 bats
  5 frilled lizards
  A goblin (D:2)
  5 kobolds
  3 rats
39 creatures vanquished.

Notes
Turn   | Place    | Note
-------+----------+-------------------------------------------
     0 | D:1      | Kagorn the Troll Berserker began the quest for the Orb.
     0 | D:1      | Reached XP level 1. HP: 22/22 MP: 0/0
   212 | D:1      | Reached XP level 2. HP: 29/29 MP: 1/1
   605 | D:1      | Reached ** piety under Trog
   863 | D:2      | Reached XP level 3. HP: 36/36 MP: 2/2
  1165 | D:2      | Noticed a bullfrog
  1185 | D:2      | Slain by a bullfrog

Action                   || total
-------------------------++-------
Melee: Unarmed           ||   104
  Eat: Chunk             ||    16
Armor: Animal skin       ||    40
Dodge: Dodged            ||    72
